 Dungeon Sprint DCSS version 0.30-a0-1161-g0704695555 (webtiles) character file.

Game seed: 7303372675416542698

2600000 123456 the Skullcrusher (level 19, -39/174 HPs)
             Began as a Djinni Wanderer on Apr 27, 2023.
             Was a High Priest of Makhleb.
             Annihilated by a destroyer
             ... wielding a +9 heavy great sword
              (213 damage)
             ... in the Dungeon (Sprint VIII: "Arena of Blood").
             The game lasted 00:00:59 (26 turns).

123456 the Skullcrusher (Djinni Wanderer)             Turns: 26, Time: 00:01:00

Health: -39/174    AC: 14    Str: 13    XL:     19   Next: 23%
Gold:   0          EV: 10    Int: 12    God:    Makhleb [*****.] SH:  0 Dex: 21

rFire   + + .        i - +∞ Axe of Woe
rCold   x . .        (shield currently unavailable)
rNeg    . . .        b - +2 scale mail
rPois   ∞            (no helmet)
rElec   .            (no cloak)
rCorr   .            (no gloves)
SInv    .            (boots unavailable)
Will    +....        (no amulet) Stlth
                     (no ring)
HPRegen 0.49/turn    (no ring)
MPRegen 0.00/turn

%: no teleportation, infuse magic (-40 HP)
@: flying
A: sickness immunity, fire resistance 2, cold vulnerability 1, float, innate
caster, HP casting, extra vitality 1
a: Renounce Religion, Minor Destruction, Lesser Servant of Makhleb, Major
Destruction, Greater Servant of Makhleb


You were in the Dungeon.
You worshipped Makhleb.
Makhleb was extremely pleased with you.
You visited 1 branch

Inventory:

Hand Weapons
 a - a +0 mace
 i - the +∞ Axe of Woe (weapon)
   (You found it in the Dungeon)
Armour
 b - a +2 scale mail (worn)
Scrolls
 c - a scroll of teleportation
 h - a scroll of blinking
Potions
 d - 2 potions of curing
 e - a potion of heal wounds
 f - a potion of haste
 g - a potion of berserk rage


   Skills:
 O Level 27 Fighting
 O Level 27 Axes
 O Level 27 Maces & Flails
 + Level 23.4 Armour
 + Level 10.7 Spellcasting
 + Level 14.7 Evocations


You knew the following spells:

 Your Spells              Type           Power      Damage    Failure   Level
a - Necrotise             Necr           100%       1d9       1%          1
b - Call Imp              Summ           64%        N/A       1%          2
c - Stone Arrow           Conj/Erth      64%        3d11      1%          3
d - Olgreb's Toxic Radia  Pois           32%        N/A       2%          4
e - Dispel Undead         Necr           32%        3d14      2%          4
f - Summon Forest         Summ/Tloc      16%        N/A       8%          5
g - Plasma Beam           Fire/Air       16%        2x1d30    41%         6
h - Ozocubu's Refrigerat  Ice            16%        4d11      94%         7
i - Summon Cactus Giant   Summ           16%        N/A       41%         6
Your spell library was empty.

Dungeon Overview and Level Annotations

Branches:
Dungeon (1/1)

Altars:
Makhleb


Innate Abilities, Weirdness & Mutations

You are immune to sickness and miasma.
You are immune to poison.
Your flesh is very heat resistant. (rF++)
You are vulnerable to cold. (rC-)
You float through the air rather than walking.
You learn spells naturally, not from books.
Your magical power is your life essence.
You have superior vitality. (+4 MHP)


Message History

Makhleb accepts your kill.
You slash the bag of meat!
You butcher the bag of meat messily.
You kill the bag of meat!
Makhleb accepts your kill.
You hear a shout! x4
The destroyer gestures at you while chanting.
The destroyer blinks!
A bag of meat comes into view. It is wielding a +9 war axe.
A large bag of meat comes into view. It is wielding a +9 giant spiked club.
You have mastered Fighting!
Your Armour skill gained 4 levels and is now at level 19!
Your Spellcasting skill gained 2 levels and is now at level 8!
Your Evocations skill gained 2 levels and is now at level 12!
Unknown command.
Unknown command.
Unknown command.
The large bag of meat shouts in stereo!
You slice the meat berserker!!
You cleave the meat berserker in twain.
You kill the meat berserker!
Makhleb accepts your kill.
You slice the bag of meat!!
You fatally mangle the bag of meat.
You kill the bag of meat!
Makhleb accepts your kill.
You hear a shout! x8
Your Armour skill gained 4 levels and is now at level 23!
Your Spellcasting skill gained 2 levels and is now at level 10!
Your Evocations skill gained 2 levels and is now at level 14!
You have reached level 19!
The power to cast Summon Cactus Giant wells up from within.
Spell assigned to 'i'.
Unknown command.
Unknown command.
Unknown command. 2 bags of meat come into view.
The bag of meat shouts!
You hear a shout! x3
A bag of meat comes into view. It is wielding a +9 war axe.
You hear a shout! x6
The destroyer hits you with a +9 heavy great sword!!!!!
Ouch! That really hurt!
You die...

.###.. ...###....
......###........o
......_..........
#.....#.......
#_.<§_#.......
...#...§)#....o.#
......_V)).......
......###)))......
.###..O..)@###....
#....o.V# ...
#....o.O# .
..........
...........
........o..
..O......o##
.o......#.


You could see 2 destroyers, 2 large bags of meat, a meat berserker (berserk) and
7 bags of meat.

Vanquished Creatures
  8 ogres (D)
  A two-headed ogre (D)
  11 orcs (D)
20 creatures vanquished.

Notes
Turn   | Place    | Note
-------+----------+-------------------------------------------
     0 | D        | Found the +∞ Axe of Woe
     0 | D        | 123456 the Djinni Wanderer began the quest for the Orb.
     0 | D        | 123456 set off with the following items: a +0 mace, a +2
                  | scale mail, a scroll of teleportation, 2 potions of curing,
                  | a potion of heal wounds, a potion of haste, a potion of
                  | berserk rage, a scroll of blinking.
     0 | D        | Reached XP level 1. HP: 18/18 MP: 0/0
     2 | D        | Noticed a bag of meat
     4 | D        | Became a worshipper of Makhleb the Destroyer
     4 | D        | Noticed a bag of meat
     5 | D        | Noticed a meat berserker
     6 | D        | Noticed a meat berserker
     7 | D        | Killed a bag of meat
     7 | D        | Noticed a bag of meat
     7 | D        | Noticed a meat berserker
     8 | D        | Reached XP level 2. HP: 27/27 MP: 0/0
     8 | D        | Reached XP level 3. HP: 32/32 MP: 0/0
     8 | D        | Learned a level 1 spell: Necrotise
     8 | D        | Reached XP level 4. HP: 38/38 MP: 0/0
     8 | D        | Reached XP level 5. HP: 42/42 MP: 0/0
     8 | D        | Learned a level 2 spell: Call Imp
     8 | D        | Reached XP level 6. HP: 49/49 MP: 0/0
     8 | D        | Reached XP level 7. HP: 53/53 MP: 0/0
     8 | D        | Learned a level 3 spell: Stone Arrow
     8 | D        | Reached XP level 8. HP: 58/58 MP: 0/0
     8 | D        | Reached XP level 9. HP: 64/64 MP: 0/0
     8 | D        | Learned a level 4 spell: Olgreb's Toxic Radiance
     8 | D        | Reached XP level 10. HP: 69/69 MP: 0/0
     8 | D        | Reached XP level 11. HP: 74/74 MP: 0/0
     8 | D        | Learned a level 4 spell: Dispel Undead
     8 | D        | Noticed a bag of meat
     8 | D        | Noticed a bag of meat
     9 | D        | Killed a meat berserker
     9 | D        | Reached * piety under Makhleb
     9 | D        | Killed a bag of meat
     9 | D        | Noticed a bag of meat
     9 | D        | Noticed a meat berserker
    10 | D        | Reached XP level 12. HP: 21/85 MP: 0/0
    10 | D        | Reached XP level 13. HP: 22/90 MP: 0/0
    10 | D        | Learned a level 5 spell: Summon Forest
    10 | D        | Killed a meat berserker
    11 | D        | Reached skill level 10 in Fighting
    11 | D        | Reached skill level 27 in Maces & Flails
    11 | D        | Reached XP level 14. HP: 26/103 MP: 0/0
    11 | D        | Noticed a bag of meat
    12 | D        | Noticed a meat berserker
    13 | D        | Killed a meat berserker
    13 | D        | Reached ** piety under Makhleb
    14 | D        | Reached skill level 15 in Axes
    14 | D        | Reached skill level 5 in Evocations
    14 | D        | Reached XP level 15. HP: 83/114 MP: 0/0
    14 | D        | Learned a level 6 spell: Plasma Beam
    15 | D        | Reached skill level 10 in Armour
    16 | D        | Killed a meat berserker
    16 | D        | Reached *** piety under Makhleb
    17 | D        | Reached XP level 16. HP: 129/129 MP: 0/0
    17 | D        | Noticed a meat berserker
    18 | D        | Killed a meat berserker
    18 | D        | Reached **** piety under Makhleb
    18 | D        | Noticed a large bag of meat
    19 | D        | Reached XP level 17. HP: 141/141 MP: 0/0
    19 | D        | Learned a level 7 spell: Ozocubu's Refrigeration
    19 | D        | Killed a large bag of meat
    19 | D        | Noticed a meat berserker
    20 | D        | Noticed a meat berserker
    21 | D        | Reached skill level 27 in Axes
    22 | D        | Noticed a destroyer
    22 | D        | Noticed a destroyer
    22 | D        | Noticed a meat berserker
    23 | D        | Reached skill level 5 in Spellcasting
    23 | D        | Killed a meat berserker
    23 | D        | Reached ***** piety under Makhleb
    23 | D        | Noticed a large bag of meat
    24 | D        | Reached skill level 15 in Armour
    24 | D        | Reached skill level 10 in Evocations
    24 | D        | Reached XP level 18. HP: 164/164 MP: 0/0
    24 | D        | Killed a meat berserker
    24 | D        | Noticed a large bag of meat
    25 | D        | Reached skill level 27 in Fighting
    25 | D        | Killed a meat berserker
    26 | D        | Reached skill level 10 in Spellcasting
    26 | D        | Reached XP level 19. HP: 174/174 MP: 0/0
    26 | D        | Learned a level 6 spell: Summon Cactus Giant
    26 | D        | Annihilated by a destroyer

Illustrated notes

Levels and vault maps discovered:
D:        meatsprint

Skill      XL: |  1  2  3  4  5  6  7  8  9 10 11 12 13 14 15 16 17 18 |
---------------+-------------------------------------------------------+-----
Fighting       | 4 7 10 13 16 19 25 27 | 27.0
Axes           | 3 7 11 15 20 24 27 | 27.0
Maces & Flails | 20 26 27 | 27.0
Armour         | 4 6 8 9 11 12 15 23 | 23.4
Evocations     | 2 4 5 7 10 14 | 14.7
Spellcasting   | 2 3 6 10 | 10.7

Action                     |  1- 3 |  4- 6 |  7- 9 | 10-12 | 13-15 | 16-18 | 19-21 || total
---------------------------+-------+-------+-------+-------+-------+-------+-------++-------
  Melee: Executioner's axe |     1 |       |       |     1 |     4 |     7 |       ||    13

Table legend: (Time is in decaauts)
 A = Elapsed time spent in this place.
 B = Non-inter-level travel time spent in this place.
 C = Inter-level travel time spent in this place.
 D = Time resting spent in this place.
 E = Time spent auto-exploring this place.
 F = Levels seen in this place.
 G = Mean time per level.
                   A        B        C        D        E       F      G
               +--------+--------+--------+--------+--------+-----+--------+
         Total |     23 |     23 |      0 |      0 |      0 |   1 |   23.0 |
       Dungeon |     23 |     23 |      0 |      0 |      0 |   1 |   23.0 |
               +--------+--------+--------+--------+--------+-----+--------+

Top non-repeatable levels by time:
       D: 23 daAuts
